 Dungeon Crawl Stone Soup version 0.28.0 (webtiles) character file.

Game seed: 11320605286824943020

107 Steelback the Digger (level 4, -11/25 HPs)
             Began as a Gargoyle Earth Elementalist on Feb 14, 2022.
             Mangled by an ogre (14 damage)
             ... on level 4 of the Dungeon.
             The game lasted 00:07:20 (3731 turns).

Steelback the Digger (Gargoyle Earth Elementalist)  Turns: 3731, Time: 00:07:21

Health: -11/25     AC:  7    Str: 11    XL:     4   Next: 86%
Magic:  7/8        EV: 12    Int: 18    God:
Gold:   115        SH:  0    Dex: 10    Spells: 2/8 levels left

rFire   . . .      SeeInvis .   j - +3 short sword (drain)
rCold   . . .      Faith    .   (no shield)
rNeg    + . .      Spirit   .   b - +1 robe
rPois   ∞          Reflect  .   (no helmet)
rElec   +          Harm     .   (no cloak)
rCorr   .          Rampage  .   i - +0 pair of gloves
Will    .....                   (no boots)
Stlth   ++........              o - amulet of magic regeneration
HPRegen 0.08/turn               h - ring of wizardry
MPRegen 0.51/turn               (no ring)

@: no status effects
A: sickness immunity, AC +3, negative energy resistance 1, electricity
resistance, torment resistance 1, petrification resistance
a: no special abilities


You were on level 4 of the Dungeon.
You visited 1 branch of the dungeon, and saw 4 of its levels.

You collected 115 gold pieces.

Inventory:

Hand Weapons
 j - a +3 short sword of draining (weapon)
Missiles
 c - 75 stones
Armour
 b - a +1 robe (worn)
 d - a scarf of shadows
 i - a +0 pair of gloves (worn)
Jewellery
 h - a ring of wizardry (left hand)
 o - an amulet of magic regeneration (around neck)
Wands
 n - a wand of acid (5)
Scrolls
 l - a scroll of identify {unknown}
 m - a scroll of enchant armour
 p - a scroll of magic mapping {unknown}
 r - a scroll of fog {unknown}
Potions
 a - a potion of might {unknown}
 e - 3 potions of curing {unknown}
 f - a potion of mutation {unknown}
 g - 2 potions of ambrosia {unknown}
 q - a potion of resistance {unknown}


   Skills:
 + Level 1.0 Fighting
 + Level 2.4 Dodging
 - Level 2.1 Stealth
 + Level 2.7 Spellcasting
 + Level 0.8 Transmutations
 + Level 5.0 Earth Magic


You had 2 spell levels left.
You knew the following spells:

 Your Spells              Type           Power      Damage    Failure   Level
a - Sandblast             Erth           40%        2d10      1%          1
b - Passwall              Tmut/Erth      10%        N/A       3%          2
c - Stone Arrow           Conj/Erth      22%        3d8       8%          3

Your spell library contained the following spells:

 Spells                   Type           Power      Damage    Failure   Level
 Tukima's Dance           Hex            2%         N/A       21%         3
 Petrify                  Tmut/Erth      13%        N/A       21%         4
 Anguish                  Hex/Necr       1%         N/A       52%         4
 Enfeeble                 Hex            1%         N/A       100%        7


Dungeon Overview and Level Annotations

Branches:
Dungeon (4/15)
 Temple: D:4-7

Altars:

Shops:
D:3 (

Annotations:
D:3 1 runed translucent door, Camille's ghost, amateur DECj


Innate Abilities, Weirdness & Mutations

You are immune to sickness and miasma.
Your stone body is resilient. (AC +3)
You are immune to poison.
You resist negative energy. (rN+)
You are resistant to electric shocks. (rElec)
You are resistant to unholy torment.
You are immune to petrification.


Message History

A goblin comes into view. It is wielding a +0 club.
A goblin is nearby!
You see here 7 gold pieces.
You now have 115 gold pieces (gained 7).
The goblin shouts!
An orc comes into view. It is wielding a +0 club.
The orc shouts!
The goblin hits you with a +0 club.
You closely miss the goblin. The goblin hits you with a +0 club.
You closely miss the goblin. The goblin hits you with a +0 club.
You closely miss the goblin. The goblin closely misses you.
You miscast Sandblast.
You are very lightly contaminated with residual magic.
Nothing appears to happen.
The goblin barely misses you.
The blast of sand hits the orc!
You kill the orc!
The goblin hits you but does no damage.
The blast of sand hits the goblin.
You kill the goblin!
Your Fighting skill increases to level 1!
An ogre comes into view. It is wielding a +0 giant club.
This spell is quite dangerous to cast!
Memorise Stone Arrow, consuming 3 spell levels and leaving 2?
Your magical contamination has completely faded away.
You start memorising the spell.
You continue memorising. x3
You finish memorising.
Spell assigned to 'c'.
The blast of sand hits the ogre.
The ogre is lightly wounded.
The blast of sand hits the ogre!
The ogre is heavily wounded.
The ogre hits you with a +0 giant club!
Ouch! That really hurt!
* * * LOW HITPOINT WARNING * * *
You are too injured to fight recklessly!
As you read the scroll labelled GUMNEC TOUTURPH, it crumbles to dust.
It is a scroll of enchant weapon.
Your +2 short sword of draining glows red for a moment.
The ogre hits you with a +0 giant club!
Ouch! That really hurt!
You die...

.......>...##.#######.#
#######.###............
#.###.#.#####.###
########.......# ... #
........####.###
###.### ####...........
#.... #.##.####.##
#...#. # #.# .# #.##.#
#@# # #.# #.O)# #..
....... #.# ###...##..
# ##.## ## .. #.# .#
... ###


You could see an ogre.

Vanquished Creatures
  An orc wizard (D:3)
  3 adders
  A dart slug (D:4)
  10 orcs
  6 endoplasms
  2 giant cockroaches
  3 goblins (D:4)
  A hobgoblin (D:1)
  3 ball pythons
  3 bats
  3 frilled lizards
  5 kobolds
  4 rats
45 creatures vanquished.

Notes
Turn   | Place    | Note
-------+----------+-------------------------------------------
     0 | D:1      | Steelback the Gargoyle Earth Elementalist began the quest
                  | for the Orb.
     0 | D:1      | Reached XP level 1. HP: 10/10 MP: 3/3
   538 | D:1      | Reached skill level 4 in Earth Magic
   538 | D:1      | Reached XP level 2. HP: 8/15 MP: 3/5
   541 | D:1      | Learned a level 2 spell: Passwall
  2293 | D:3      | Found Unkiodyr's Weapon Shoppe.
  2300 | D:3      | Reached XP level 3. HP: 17/19 MP: 6/6
  2989 | D:3      | Reached skill level 5 in Earth Magic
  2989 | D:3      | Reached XP level 4. HP: 20/24 MP: 1/7
  3380 | D:3      | Found a runed translucent door.
  3468 | D:3      | Noticed Camille's ghost (amateur DECj)
  3492 | D:3      | Found a faded altar of an unknown god.
  3722 | D:4      | Reached skill level 1 in Fighting
  3724 | D:4      | Noticed an ogre
  3729 | D:4      | Learned a level 3 spell: Stone Arrow
  3731 | D:4      | Mangled by an ogre

Illustrated notes

Levels and vault maps discovered:
D:1:      roderic_crop_circles_arrival_small, layout_basic
D:2:      minmay_wonky_spiral, layout_loops_ring
D:3:      layout_basic, shapermc_ecumenical_altar_mp_ritualfount, serial_shops,
          shop, ebering_ghost_reflecting_pool
D:4:      layout_loops_ring, minmay_temple_entry_arrows

Skill      XL: |  1  2  3  4 |
---------------+-------------+-----
Earth Magic    | 4 5 |  5.0
Dodging        | 2 |  2.4
Fighting       | 1 |  1.0
Stealth        | |  2.1
Spellcasting   | |  2.7
Transmutations | |  0.8

Action                   |  1- 3 |  4- 6 || total
-------------------------+-------+-------++-------
Melee: Mace              |    76 |    15 ||    91
       Unarmed           |    10 |       ||    10
       Punch             |     1 |     1 ||     2
       Short sword       |       |    17 ||    17
 Cast: Sandblast         |    19 |    18 ||    37
       Passwall          |     1 |       ||     1
  Use: Scroll            |     3 |     1 ||     4
 Stab: Sleeping          |     6 |       ||     6
Armor: Robe              |    40 |    16 ||    56
Dodge: Dodged            |    75 |    27 ||   102
